 Dungeon Crawl Stone Soup version 0.30-b1-5-g8e6c1be481 (webtiles) character file.

Game seed: 7357873405938475311

46 Mysteryquy the Trooper (level 3, -1/51 HPs)
             Began as a Minotaur Berserker on May 4, 2023.
             Was a Follower of Trog.
             Slain by a hobgoblin (7 damage)
             ... led by Robin
             ... on level 2 of the Dungeon.
             The game lasted 00:00:49 (1031 turns).

Mysteryquy the Trooper (Minotaur Berserker)         Turns: 1031, Time: 00:00:49

Health: -1/51      AC:  2    Str: 23    XL:     3   Next: 46%
Magic:  2/2        EV: 12    Int:  4    God:    Trog [*.....]
Gold:   62         SH:  0    Dex:  9    Spells: 2/2 levels left

rFire   . . .        a - +0 hand axe
rCold   . . .        (no shield)
rNeg    . . .        b - +0 animal skin
rPois   .            (helmet restricted)
rElec   .            (no cloak)
rCorr   .            (no gloves)
SInv    .            (no boots)
Will    .....        (no amulet) Stlth
                     (no ring)
HPRegen 0.28/turn    (no ring)
MPRegen 0.08/turn

%: no passive effects
@: berserking (expiring), very quick
A: horns 2, retaliatory headbutt
a: Renounce Religion, Berserk


You were on level 2 of the Dungeon.
You worshipped Trog.
Trog was aware of your devotion.
You visited 1 branch of the dungeon, and saw 2 of its levels.

You collected 62 gold pieces.

Inventory:

Hand Weapons
 a - a +0 hand axe (weapon)
Armour
 b - a +0 animal skin (worn)
Jewellery
 h - an amulet of magic regeneration
Scrolls
 c - 2 scrolls of teleportation {unknown}
 d - a scroll of magic mapping {unknown}
 e - 3 scrolls of identify {unknown}
 g - a scroll of fog {unknown}
 j - a scroll of amnesia {unknown}
Potions
 f - 3 potions of curing {unknown}
 i - a potion of brilliance {unknown}


   Skills:
 + Level 4.5 Fighting
 + Level 4.4 Axes
 + Level 2.5 Armour
 + Level 2.6 Dodging


You had 2 spell levels left.
You didn't know any spells.
Your spell library was empty.

Dungeon Overview and Level Annotations

Branches:
Dungeon (2/15)

Altars:

Shops:
D:1 (*


Innate Abilities, Weirdness & Mutations

You have a pair of horns on your head.
You reflexively headbutt those who attack you in melee.


Message History

You kill the goblin!
Trog accepts your kill.
You closely miss the goblin. The goblin hits you with a +0 dagger.
You hit the goblin.
The goblin is severely wounded.
You hit the goblin.
You kill the goblin!
Trog accepts your kill.
You barely miss the goblin.
The goblin is severely wounded.
A goblin comes into view. It is wielding a +0 club.
The goblin hits you with a +0 club. The goblin barely misses you.
The hobgoblin misses you. Robin throws the goblin at you!
* * * LOW HITPOINT WARNING * * *
Things that are here:
a +0 club; a hobgoblin corpse You hit the goblin.
You kill the goblin!
Trog accepts your kill.
You barely miss the goblin. You hit the goblin. You hit the hobgoblin.
The goblin hits you with a +0 club.
* * * LOW HITPOINT WARNING * * *
The hobgoblin misses you. You furiously retaliate!
You headbutt the hobgoblin!!
You kill the hobgoblin!
Trog accepts your kill. The goblin hits you with a +0 club.
* * * LOW HITPOINT WARNING * * *
You barely miss Robin. You headbutt Robin!
You kill Robin!
Trog accepts your kill.
You slash the goblin!
You kill the goblin!
Trog accepts your kill.
You closely miss the goblin.
Items here: )) [[ †.
You closely miss the hobgoblin. You miss the goblin.
The goblin hits you with a +0 club.
* * * LOW HITPOINT WARNING * * *
The hobgoblin hits you!
You die...

#. ##.# ###...#
####### .......
##.....## .......
#..$....# #.....
#.......# ####.#
.##....##)).....#
#.....
......g@g.).....#
#.##.#
####.##†#)#####.#
#.##.# #.#.#####.#
#.##.#
#.#.......###.##.#
#.########.....#.#
#.. #.##..... #.#
###.###.... #.#
..........#
##.###.###


You could see a hobgoblin (strong) and a goblin (strong).

Vanquished Creatures
  Robin (D:2)
  2 bats (D:1)
  An endoplasm (D:1)
  9 goblins
  6 hobgoblins
  5 jackals
  A quokka (D:2)
  A ball python (D:1)
  2 frilled lizards (D:1)
  A kobold (D:1)
29 creatures vanquished.

Notes
Turn   | Place    | Note
-------+----------+-------------------------------------------
     0 | D:1      | Mysteryquy the Minotaur Berserker began the quest for the
                  | Orb.
     0 | D:1      | Reached XP level 1. HP: 19/19 MP: 0/0
   250 | D:1      | Reached XP level 2. HP: 26/27 MP: 1/1
   367 | D:1      | Found Affinuh's Assorted Antiques.
   608 | D:1      | Found Ydynegas's Antique Weapon Shop.
  1016 | D:2      | Noticed Robin
  1024 | D:2      | Reached XP level 3. HP: 23/34 MP: 2/2
  1029 | D:2      | Killed Robin
  1031 | D:2      | Slain by a hobgoblin

Illustrated notes

Levels and vault maps discovered:
D:1:      mrwooster_arrival_statue_3, layout_basic, serial_shops, shop,
          nicolae_diamond_shop
D:2:      layout_loops_cross, kennysheep_generic_room_16, uniq_robin

Skill      XL: |  1  2 |
---------------+-------+-----
Fighting       | 4 |  4.5
Axes           | 4 |  4.4
Armour         | |  2.5
Dodging        | |  2.6

Action                     || total
---------------------------++-------
  Melee: Hand axe          ||    50
         Headbutt          ||     9
 Invoke: Berserk           ||     1
 Armour: Animal skin       ||    11
  Dodge: Dodged            ||    32
